AoeStats
← Saloon_F_F

Arabian Desert

510103315Analyzed
1v1 RM · 4d ago on Sep 29, 2026· 48m 56s· 2 players
Game mode
Random Map
Map size
Tiny (2 player)
Population
200
Speed
Normal
Resources
Standard
Victory
Conquest
Starting age
Dark Age
Ending age
Imperial Age
RankedLock teamsTeams togetherTeam positionsShared explorationLock speedFull tech treeHidden civsTurbo modeCheats
Victory
Defeat
🇳🇱 Burmese · Netherlands
1670
+10
🇩🇪 Vietnamese · Germany
1537
-10
Saloon_F_F
9:15 Feudal Age
7:32 Loom
9:37 Loom
9:16 Man-at-Arms
11:58 Horse Collar
12:55 Horse Collar
13:45 Fletching
21:27 Castle Age
20:24 Gold Mining
20:49 Bloodlines
23:18 Wheelbarrow
23:12 Scale Barding Armor
25:38 Chain Barding Armor
30:52 Heavy Plow
32:44 Bodkin Arrow
33:25 Ballistics
34:08 Hand Cart
36:27 Gold Shaft Mining
36:01 Town Watch
39:29 Imperial Age
37:13 Padded Archer Armor
37:46 Guard Tower
38:20 Husbandry
41:25 Manipur Cavalry
42:25 Parthian Tactics
41:38 Light Cavalry
42:42 Conscription
45:02 Plate Barding Armor
44:38 Forging
46:13 Chemistry
45:29 Hussar
48:13 Heavy Scorpion
Tiger King
6:33 Loom
8:51 Feudal Age
9:26 Man-at-Arms
12:11 Double-Bit Axe
12:47 Fletching
16:53 Padded Archer Armor
23:30 Castle Age
23:41 Crossbowman
24:45 Bodkin Arrow
29:05 Scale Barding Armor
29:54 Bloodlines
31:16 Horse Collar
32:50 Ballistics
42:03 Imperial Age
39:41 Thumb Ring
40:34 Wheelbarrow
39:45 Town Watch
41:34 Chain Barding Armor
42:11 Arbalester
43:20 Bracer
45:39 Plate Barding Armor
46:35 Capped Ram
Connection lost

Rejoining the realm…

Still unreachable

The connection could not be restored.

Session expired

The server has moved on; the page needs a fresh start.